 Dungeon Crawl Stone Soup version 0.27-a0-901-g8736458e1e (webtiles) character file.

Game seed: 8930561548381157608

80595 Grimdewalt the Spry (level 15, -10/120 HPs)
             Began as a Djinni Earth Elementalist on Apr 6, 2021.
             Was the Champion of Makhleb.
             Killed from afar by a shock serpent (24 damage)
             ... with a bolt of electricity
             ... on level 1 of the Snake Pit.
             The game lasted 01:22:19 (28475 turns).

Grimdewalt the Spry (Djinni Earth Elementalist)    Turns: 28475, Time: 01:22:19

Health: -10/120    AC: 11    Str:  7    XL:     15   Next: 67%
Gold:   1588       EV: 21    Int: 25    God:    Makhleb [******] SH:  5 Dex: 15

rFire    + + .     SeeInvis .   h - staff of earth
rCold    x . .     Faith    .   (no shield)
rNeg     . . .     Spirit   .   x - +2 robe of Vines {NoPotionHeal Regen+++}
rPois    ∞         Reflect  +   s - +2 hat {Int+3}
rElec    .         Harm     .   T - +1 cloak {Stlth+}
rCorr    .         Rampage  .   K - +2 pair of gloves
Will     ++...                  (boots unavailable)
Stlth    +++.......             q - amulet of reflection
HPRegen  3.30/turn              g - ring of willpower
MPRegen  0.00/turn              p - ring of wizardry

@: flying
A: fire resistance 2, cold vulnerability 1, float, innate caster, hp casting,
extra vitality 1
a: Renounce Religion, Minor Destruction, Lesser Servant of Makhleb, Major
Destruction, Greater Servant of Makhleb


You were on level 1 of the Snake Pit.
You worshipped Makhleb.
Makhleb was exalted by your worship.
You visited 5 branches of the dungeon, and saw 22 of its levels.
You also visited: Ice Cave and Volcano.

You collected 2240 gold pieces.
You spent 652 gold pieces at shops.

Inventory:

Hand Weapons
 c - the +10 mace of the Pure Emperors {protect, rC++ Stlth+}
   (You found it on level 3 of the Lair of Beasts)

   It grants its wielder temporary protection when it strikes (+7 to AC).
   It greatly protects you from cold.
   It makes you more stealthy.
Missiles
 a - 34 poisoned darts
 b - 399 stones
 o - 7 silver boomerangs
 P - 2 throwing nets
Armour
 s - a +2 hat of intelligence (worn)
 x - the +2 robe of Vines (worn) {NoPotionHeal Regen+++}
   (You found it on level 6 of the Lair of Beasts)

   It increases your rate of health regeneration.
 y - a +0 kite shield of fire resistance
 G - +0 steam dragon scales
 K - a +2 pair of gloves (worn)
 M - a +2 robe of willpower
 T - a +1 cloak of stealth (worn)
Magical Staves
 h - a staff of earth (weapon)
Jewellery
 g - a ring of willpower (left hand)
 p - a ring of wizardry (right hand)
 q - an amulet of reflection (around neck)
 t - a ring of magical power
 u - a +6 ring of strength
 C - the ring "Zicwuesa" {Fly rF+ Str+4}
   (You found it on level 6 of the Dungeon)

   [ring of flight]

   It affects your strength (+4).
   It protects you from fire.
   It grants you flight.
 E - an amulet of the acrobat
 S - a +4 ring of evasion
Wands
 r - a wand of polymorph (16)
 z - a wand of flame (59)
 B - a wand of paralysis (23)
 I - a wand of random effects (19)
 L - a wand of digging (11)
 O - a wand of mindburst (32)
 V - a wand of iceblast (18)
Scrolls
 d - a scroll of enchant weapon
 f - 6 scrolls of noise
 j - 4 scrolls of vulnerability
 k - 2 scrolls of magic mapping
 l - 16 scrolls of teleportation
 n - 5 scrolls of enchant armour
 w - 2 scrolls of amnesia
 D - a scroll of fear
 H - 3 scrolls of brand weapon
 N - a scroll of immolation
 Q - 3 scrolls of summoning
 R - 2 scrolls of torment
 W - 2 scrolls of silence
Potions
 e - 4 potions of curing {@q1}
 i - 6 potions of mutation
 m - 3 potions of haste
 v - 6 potions of brilliance {unknown}
 A - 5 potions of heal wounds {@q2}
 F - 2 potions of berserk rage {unknown}
 J - 3 potions of flight {unknown}
 U - 3 potions of might {unknown}
 X - 2 potions of resistance
 Y - a potion of attraction {unknown}
 Z - 3 potions of lignification {unknown}


   Skills:
 + Level 15.2 Fighting
 + Level 16.5 Dodging
 - Level 1.5 Stealth
 + Level 2.6 Shields
 + Level 13.4 Spellcasting


You couldn't memorise any spells.
You knew the following spells:

 Your Spells              Type           Power      Damage    Failure   Level
a - Sandblast             Erth           100%       2d20      0%          1
b - Passwall              Tmut/Erth      75%        N/A       0%          2
c - Stone Arrow           Conj/Erth      100%       3d13      1%          3
d - Petrify               Tmut/Erth      90%        N/A       1%          4
e - Lee's Rapid Deconstr  Erth           45%        3d23*     1%          5
f - Summon Small Mammal   Summ           100%       N/A       0%          1
g - Poisonous Vapours     Pois/Air       100%       N/A       0%          2
h - Tukima's Dance        Hex            71%        N/A       1%          3
i - Lightning Bolt        Conj/Air       35%        1d53      1%          5
j - Gell's Gravitas       Tloc           35%        N/A       1%          3
k - Silence               Hex/Air        35%        N/A       1%          5
l - Freezing Cloud        Conj/Ice/Air   35%        6-21      1%          6
Your spell library was empty.

Dungeon Overview and Level Annotations

Branches:
Dungeon (12/15)            Temple (1/1) D:6            Lair (6/6) D:8
  Swamp (0/4) Lair:4        Snake (1/4) Lair:4        Slime (0/5) Lair:6
    Orc (2/2) D:10            Elf (0/3) Orc:2         IceCv (visited)
Volcano (visited)

Altars:
Ashenzari
Cheibriados
Dithmenos
Elyvilon
Fedhas
Gozag
Hepliaklqana
Kikubaaqudgha
Makhleb
Nemelex Xobeh
Okawaru
Qazlal
Ru
Sif Muna
Trog
Uskayaw
Vehumet
Wu Jian
Xom
Yredelemnul
Zin
The Shining One
Beogh
Jiyva

Shops:
D:1 *   Orc:2 ?[(*[

Annotations:
D:4 exclusion: 2 downstairs, Blork the orc, Edmund, Eustachio
D:5 exclusion: 2 doors, Grinder
Lair:3 exclusion: dream sheep
Lair:6 1 runed translucent door


Innate Abilities, Weirdness & Mutations

You are immune to poison.
Your flesh is very heat resistant. (rF++)
You are vulnerable to cold. (rC-)
You float through the air rather than walking.
You learn spells naturally, not from books.
Your magical power is your life essence.
You have superior vitality. (+4 HP)


Message History

You feel a surge of power!
The stone arrow hits the shock serpent!
The shock serpent is moderately wounded.
The shock serpent's electric aura discharges, shocking you!
The shock serpent bites you!! The shock serpent shocks you!
Casting: Stone Arrow (safe; 1% risk of failure)
Confirm with . or Enter, or press ? or * to list all spells.
Aiming: Stone Arrow (safe; 1% risk of failure)
Press: ? - help, Shift-Dir - straight line, f/p - shock serpent
Aim: a shock serpent (moderately wounded, 37% to evade)
You feel a surge of power!
The stone arrow hits the shock serpent!!
The shock serpent is severely wounded.
The shock serpent's electric aura discharges, shocking you!
The shock serpent closely misses you.
The shock serpent shoots out a bolt of lightning at you!
The bolt of electricity hits you!!
Casting: Stone Arrow (safe; 1% risk of failure)
Confirm with . or Enter, or press ? or * to list all spells.
Aiming: Stone Arrow (safe; 1% risk of failure)
Press: ? - help, Shift-Dir - straight line, f/p - shock serpent
Aim: a shock serpent (severely wounded, 37% to evade)
You feel a surge of power!
The stone arrow misses the shock serpent.
The shock serpent barely misses you. The shock serpent bites you.
The shock serpent shocks you!
* * * LOW HITPOINT WARNING * * *
Casting: Stone Arrow (safe; 1% risk of failure)
Confirm with . or Enter, or press ? or * to list all spells.
Aiming: Stone Arrow (safe; 1% risk of failure)
Press: ? - help, Shift-Dir - straight line, f/p - shock serpent
Aim: a shock serpent (heavily wounded, 37% to evade)
You feel a surge of power!
The stone arrow hits the shock serpent!
The shock serpent is almost dead.
* * * LOW HITPOINT WARNING * * *
The shock serpent's electric aura discharges, shocking you!
* * * LOW HITPOINT WARNING * * *
The shock serpent shoots out a bolt of lightning at you!
The bolt of electricity hits you!!
* * * LOW HITPOINT WARNING * * *
Casting: Stone Arrow (safe; 1% risk of failure)
Confirm with . or Enter, or press ? or * to list all spells.
Aiming: Stone Arrow (safe; 1% risk of failure)
Press: ? - help, Shift-Dir - straight line, f/p - shock serpent
Aim: a shock serpent (almost dead, 37% to evade)
You feel a surge of power!
The stone arrow misses the shock serpent.
* * * LOW HITPOINT WARNING * * *
The shock serpent shoots out a bolt of lightning at you!
The bolt of electricity hits you!!
You die...

## #####
.#
##..)##.#
#.⌠.⌠.#.#
#..<.@S.#
#.⌠.⌠.#.#
##..(##.#
##### .#
##


You could see a shock serpent.

Vanquished Creatures
  Gastronok (Lair:2)
  2 orc warlords
  A dire elephant (Lair:6)
  3 boulder beetles
  6 hydras
  A death knight (D:9)
  4 catoblepae
  3 two-headed ogres
  10 death yaks
  3 orc high priests
  A skeletal warrior (D:9)
  2 lindwurms (Lair:6)
  An orc sorcerer (Orc:2)
  2 cyclopes
  4 salamanders (Volcano)
  3 manticores
  4 black mambas
  A naga mage (Snake:1)
  3 torpor snails
  16 cane toads
  14 elephants
  4 rime drakes
  11 komodo dragons
  A kobold demonologist (D:12)
  5 freezing wraiths
  A tengu conjurer (D:10)
  11 trolls
  2 polar bears
  2 slime creatures (D:12)
  20 blink frogs
  7 dream sheep (Lair:4)
  A shadow (D:11)
  A meliai zombie (D:10)
  A vampire (D:11)
  3 wraiths
  46 yaks
  2 vampire mosquitoes (D:12)
  4 fire bats
  3 wyverns
  4 steam dragons
  8 basilisks
  Grum (D:9)
  2 death yak simulacra (IceCv)
  7 wargs
  2 swamp worms (Lair:4)
  2 hell hounds (Volcano)
  19 water moccasins
  33 orc warriors
  A sky beast (D:8)
  2 black bears
  2 necrophages
  20 wolves
  14 ice beasts
  4 ogres
  9 centaurs
  A phantom (D:5)
  18 bullfrogs
  A gnoll sergeant (D:8)
  2 scorpions
  A water moccasin skeleton (D:5)
  An elephant simulacrum (IceCv)
  10 wights
  2 howler monkeys (D:8)
  5 electric eels (D:10)
  A lava snake (Lair:3)
  A bullfrog zombie (D:6)
  A jelly (D:5)
  4 centaur zombies
  22 orc priests
  A gnoll shaman (D:6)
  A hound (D:5)
  A bullfrog skeleton (D:4)
  20 orc wizards
  A polar bear simulacrum (IceCv)
  A hound skeleton (D:5)
  3 howler monkey zombies
  19 gnolls
  6 adders
  A howler monkey skeleton (D:7)
  6 white imps
  2 ufetubi
  4 worms
  92 orcs
  9 endoplasms
  5 giant cockroaches
  11 goblins
  4 hobgoblins
  8 jackals
  11 kobolds
  A quokka (D:5)
  3 ball pythons
  3 bats
  5 frilled lizards
  2 rats
  A bush (D:7)
631 creatures vanquished.

Vanquished Creatures (others)
  An orc (Orc:1)
  2 bushes
  54 fungi
  67 plants
124 creatures vanquished.

Grand Total: 755 creatures vanquished

Notes
Turn   | Place    | Note
-------+----------+-------------------------------------------
     0 | D:1      | Grimdewalt the Djinni Earth Elementalist began the quest
                  | for the Orb.
     0 | D:1      | Reached XP level 1. HP: 15/15 MP: 0/0
   277 | D:1      | Reached XP level 2. HP: 15/22 MP: 0/0
   538 | D:1      | Reached skill level 1 in Fighting
   899 | D:1      | Found Kacutuz's General Store.
   902 | D:1      | Bought a potion of curing for 30 gold pieces
  1065 | D:1      | Reached XP level 3. HP: 26/27 MP: 0/0
  1065 | D:1      | Learned a level 1 spell: Summon Small Mammal
  1680 | D:2      | Found a stormy altar of Qazlal.
  1773 | D:2      | Noticed a scorpion
  1780 | D:2      | Killed a scorpion
  1781 | D:2      | Reached skill level 3 in Dodging
  1781 | D:2      | Reached XP level 4. HP: 5/33 MP: 0/0
  2503 | D:2      | Reached XP level 5. HP: 18/39 MP: 0/0
  2503 | D:2      | Learned a level 2 spell: Poisonous Vapours
  3130 | D:3      | Reached skill level 4 in Dodging
  3555 | D:3      | Found a broken altar of Ashenzari.
  3689 | D:3      | Reached XP level 6. HP: 42/46 MP: 0/0
  4343 | D:4      | Noticed Edmund
  4536 | D:4      | Identified the +3 robe "Immugise" {*Corrode Fly Str-5 SInv}
  4823 | D:4      | Identified the Disquisition on the Captivating Entourage
  4849 | D:4      | Found a glowing silver altar of Zin.
  4898 | D:4      | Noticed Eustachio
  5024 | D:4      | Noticed Blork the orc
  5465 | D:5      | Entered Level 5 of the Dungeon
  5495 | D:5      | Reached XP level 7. HP: 42/51 MP: 0/0
  5495 | D:5      | Learned a level 3 spell: Tukima's Dance
  5584 | D:5      | Found a white marble altar of Elyvilon.
  5652 | D:5      | Reached skill level 5 in Dodging
  6014 | D:5      | Noticed Grinder
  6869 | D:5      | Reached skill level 5 in Fighting
  6869 | D:5      | Reached skill level 5 in Spellcasting
  6869 | D:5      | Reached XP level 8. HP: 49/59 MP: 0/0
  7013 | D:5      | Found a shimmering altar of Xom.
  7014 | D:5      | Found a hazy altar of Hepliaklqana.
  7015 | D:5      | Noticed a spectral ugly thing
  7196 | D:6      | Reached skill level 6 in Dodging
  7270 | D:6      | Found a staircase to the Ecumenical Temple.
  7274 | Temple   | Entered the Ecumenical Temple
  7794 | D:6      | Found a glowing golden altar of the Shining One.
  7985 | D:6      | Identified the ring "Zicwuesa" {Fly rF+ Str+4}
  8194 | D:7      | Found a burning altar of Makhleb.
  8194 | D:7      | Found a snail-covered altar of Cheibriados.
  8202 | D:7      | Became a worshipper of Makhleb the Destroyer
  8632 | D:7      | Reached skill level 7 in Dodging
  8707 | D:7      | Reached XP level 9. HP: 60/66 MP: 0/0
  8707 | D:7      | Learned a level 3 spell: Gell's Gravitas
  9123 | D:7      | Found a sparkling altar of Nemelex Xobeh.
  9792 | D:8      | Reached skill level 8 in Dodging
 10203 | D:8      | Found a staircase to the Lair.
 10384 | D:8      | Reached * piety under Makhleb
 10575 | D:8      | Found a bloodstained altar of Trog.
 10711 | D:8      | Reached skill level 9 in Dodging
 10711 | D:8      | Reached XP level 10. HP: 73/76 MP: 0/0
 11050 | Lair:1   | Entered Level 1 of the Lair of Beasts
 11152 | Lair:1   | Noticed a black mamba
 11157 | Lair:1   | Killed a black mamba
 11655 | Lair:1   | Reached skill level 10 in Dodging
 12205 | Lair:2   | Noticed a cane toad
 12207 | Lair:2   | Killed a cane toad
 12208 | Lair:2   | Reached XP level 11. HP: 74/84 MP: 0/0
 12208 | Lair:2   | Learned a level 5 spell: Lightning Bolt
 12370 | Lair:2   | Noticed a five-headed hydra
 12373 | Lair:2   | Noticed a five-headed hydra
 12396 | Lair:2   | Killed a five-headed hydra
 12396 | Lair:2   | Killed a five-headed hydra
 12407 | Lair:2   | Noticed a four-headed hydra
 12411 | Lair:2   | Killed a four-headed hydra
 12412 | Lair:2   | Reached skill level 10 in Fighting
 12412 | Lair:2   | Reached skill level 11 in Dodging
 12622 | Lair:2   | Noticed Gastronok
 12985 | Lair:2   | Killed Gastronok
 13753 | Lair:3   | Reached XP level 12. HP: 68/93 MP: 0/0
 13753 | Lair:3   | Reached ** piety under Makhleb
 13842 | Lair:3   | Found a frozen archway.
 13851 | IceCv    | Entered an ice cave
 13853 | IceCv    | Reached skill level 12 in Dodging
 14141 | IceCv    | Reached skill level 10 in Spellcasting
 14448 | Lair:3   | Noticed a catoblepas
 15272 | Lair:3   | Identified the +10 mace of the Pure Emperors {protect, rC++
                  | Stlth+}
 15914 | Lair:4   | Reached skill level 13 in Dodging
 16111 | Lair:4   | Reached *** piety under Makhleb
 16237 | Lair:4   | Found a staircase to the Snake Pit.
 16302 | Lair:4   | Noticed a boulder beetle
 16315 | Lair:4   | Killed a boulder beetle
 16331 | Lair:4   | Reached XP level 13. HP: 69/101 MP: 0/0
 16331 | Lair:4   | Learned a level 5 spell: Silence
 17340 | Lair:4   | Found a staircase to the Swamp.
 17771 | Lair:5   | Reached skill level 14 in Dodging
 17773 | Lair:5   | Reached **** piety under Makhleb
 18443 | Lair:5   | Noticed a dire elephant
 19109 | Lair:6   | Entered Level 6 of the Lair of Beasts
 19194 | Lair:6   | Reached XP level 14. HP: 105/110 MP: 0/0
 19621 | Lair:6   | Found a runed translucent door.
 19622 | Lair:6   | Found a viscous altar of Jiyva.
 19622 | Lair:6   | Found a staircase to the Slime Pits.
 20209 | Lair:5   | Reached skill level 15 in Dodging
 20253 | Lair:5   | Reached ***** piety under Makhleb
 21976 | Lair:6   | Noticed a dire elephant
 21982 | Lair:6   | Killed a dire elephant
 21987 | Lair:6   | Found the +2 robe of Vines {NoPotionHeal Regen+++}
 22511 | D:9      | Found a blossoming altar of Fedhas.
 22623 | D:9      | Noticed Grum
 22628 | D:9      | Killed Grum
 22784 | D:9      | Found a hide-covered altar of Uskayaw.
 23115 | D:9      | Found an opulent altar of Gozag.
 23467 | D:10     | Entered Level 10 of the Dungeon
 23514 | D:10     | Found a staircase to the Orcish Mines.
 24187 | D:11     | Reached XP level 15. HP: 118/118 MP: 0/0
 24187 | D:11     | Learned a level 6 spell: Freezing Cloud
 24806 | D:11     | Reached skill level 16 in Dodging
 25350 | D:12     | Found a hazy altar of Hepliaklqana.
 26080 | Orc:1    | Entered Level 1 of the Orcish Mines
 26325 | Orc:2    | Entered Level 2 of the Orcish Mines
 26355 | Orc:2    | Reached ****** piety under Makhleb
 26421 | Orc:2    | Found a staircase to the Elven Halls.
 26508 | Orc:2    | Found Fuamen's Magic Scroll Shop.
 26551 | Orc:2    | Found a dark tunnel.
 26560 | Volcano  | Entered a volcano
 26612 | Volcano  | Reached skill level 15 in Fighting
 26613 | Volcano  | Identified the +6 fire dragon scales of Quali {rF++ rC- rN+
                  | Will+ Stlth+}
 26951 | Orc:2    | Bought a scroll of teleportation for 42 gold pieces
 26951 | Orc:2    | Bought a scroll of teleportation for 42 gold pieces
 26951 | Orc:2    | Bought a scroll of teleportation for 42 gold pieces
 27233 | Orc:2    | Noticed an orc warlord
 27255 | Orc:2    | Reached skill level 1 in Shields
 27266 | Orc:2    | Killed an orc warlord
 27341 | Orc:2    | Found Bot Zui's Antique Armour Boutique.
 27468 | Orc:2    | Found Pymil's General Store.
 27485 | Orc:2    | Bought a potion of resistance for 140 gold pieces
 27485 | Orc:2    | Bought a potion of heal wounds for 70 gold pieces
 27485 | Orc:2    | Bought 2 throwing nets for 84 gold pieces
 27580 | Orc:2    | Found Guipsuf's Antique Armour Shoppe.
 27611 | Orc:2    | Bought a pair of runed gloves for 202 gold pieces
 27689 | Orc:2    | Found Axir Odu's Antique Weapon Shop.
 28036 | Orc:1    | Noticed an orc warlord
 28049 | Orc:1    | Killed an orc warlord
 28463 | Snake:1  | Entered Level 1 of the Snake Pit
 28475 | Snake:1  | Killed from afar by a shock serpent

Illustrated notes

Levels and vault maps discovered:
D:1:      lightli_arrival_windingriver, layout_basic, serial_shops,
          nicolae_shop_behind_doors, minmay_misc_feat_plants,
          corexii_leaking_fountain, minmay_misc_feat_enclosed
D:2:      layout_loops_ring, basic_altar, chequers_serial_rivers_marsh
D:3:      layout_loops_cross, ashenzari_conservatory_becter
D:4:      layout_rooms, zin_academy, minmay_misc_feat_secret_circle,
          hangedman_minor_gate_pass, uniq_edmund, uniq_blork_the_orc,
          uniq_eustachio
D:5:      layout_basic, regret_index_temple_of_mockery,
          overflow_temple_1_default, uniq_grinder
D:6:      layout_loops_ring, kennysheep_mini_moat, minmay_temple_entry_grid
D:7:      layout_rooms, lemuel_tele_altar,
          chequers_temple_overflow_statue_of_worship, st_stairs_10,
          amcnicky_mini_corridor_feature, kb_lookout_dungeons_type
D:8:      layout_basic, old_standard_altar, david_lair_generic
D:9:      layout_stronghold, nicolae_uskayaw_murder_on_the_dancefloor,
          fedhas_altar_3, grunt_gozag_breadcrumbs, uniq_grum
D:10:     layout_basic, orc_david_3, minmay_microvault
D:11:     layout_grid_maze
D:12:     layout_basic, worldfamousw_hep_ancestral_shrine
Temple:   compressed_dpeg_triangle_lava_temple
Lair:1:   layout_roguey, grunt_megastairs_5
Lair:2:   layout_chaotic_city, uniq_gastronok
Lair:3:   layout_gridlike, portal_ice_cave_entry_ice_beasts,
          beast_lair_carwin_10
Lair:4:   layout_cave_pods, minmay_swamp_entry_worms, dummy_snake_entry,
          minmay_lair_drake_nest
Lair:5:   nzn_winding_woodlands_small [nzn_winding_woodlands_5x15_longhouse,
          nzn_winding_woodlands_center_pierced_h,
          nzn_winding_woodlands_5x15_pathside_ponds], layout_cave_pods
Lair:6:   hangedman_lair_in_review, layout_regular_city, slime_altar_2,
          minivault_24
Snake:1:  layout_gridlike, grunt_ministairs_11, drop_trap, grunt_megastairs_2
Orc:1:    layout_caves, minmay_orc_barracks
Orc:2:    grunt_orc_community_town_hall, layout_caves,
          grunt_orc_community_big_house_1, grunt_orc_community_big_house_1,
          grunt_orc_community_house_2, grunt_orc_community_house_1,
          grunt_orc_community_house_2, grunt_orc_community_house_1,
          grunt_orc_community_house_2, serial_shops, shop,
          nicolae_volcano_entry_batcave

Skill      XL: |  1  2  3  4  5  6  7  8  9 10 11 12 13 14 15 |
---------------+----------------------------------------------+-----
Fighting       | 1 2 3 5 6 7 9 10 12 13 14 15 | 15.2
Spellcasting   | 3 4 5 6 7 8 9 10 11 12 13 | 13.4
Dodging        | 3 4 5 7 9 10 11 13 14 15 16 | 16.5
Shields        | 2 |  2.6
Stealth        | |  1.5

Action                   |  1- 3 |  4- 6 |  7- 9 | 10-12 | 13-15 || total
-------------------------+-------+-------+-------+-------+-------++-------
Melee: Unarmed           |     6 |       |       |       |       ||     6
       Staff             |       |     1 |   327 |       |    76 ||   404
       Mace              |       |       |       |       |    13 ||    13
 Cast: Sandblast         |    55 |       |    11 |     4 |       ||    70
       Stone Arrow       |     1 |    68 |    79 |   125 |   259 ||   532
       Lee's Rapid Decon |       |       |    30 |    98 |   277 ||   405
       Petrify           |       |       |       |     1 |    28 ||    29
       Lightning Bolt    |       |       |       |       |   117 ||   117
       Passwall          |       |       |       |       |     3 ||     3
       Poisonous Vapours |       |       |       |       |     2 ||     2
       Summon Small Mamm |       |       |       |       |     2 ||     2
  Use: Scroll            |       |       |       |     1 |    14 ||    15
 Stab: Sleeping          |       |     1 |       |       |       ||     1
Armor: Robe              |     5 |     2 |     1 |    10 |    75 ||    93
Dodge: Dodged            |    10 |    13 |    22 |    30 |   232 ||   307
Block: Other             |       |       |     7 |     7 |    72 ||    86
       Reflection        |       |       |     1 |       |     6 ||     7

Table legend: (Time is in decaauts)
 A = Elapsed time spent in this place.
 B = Non-inter-level travel time spent in this place.
 C = Inter-level travel time spent in this place.
 D = Time resting spent in this place.
 E = Time spent auto-exploring this place.
 F = Levels seen in this place.
 G = Mean time per level.
                   A        B        C        D        E       F      G
               +--------+--------+--------+--------+--------+-----+--------+
         Total |  28609 |  27179 |   1430 |   1992 |  20037 |  24 | 1192.0 |
       Dungeon |  14628 |  13936 |    692 |    761 |  11337 |  12 | 1219.0 |
        Temple |    162 |    162 |      0 |      0 |    134 |   1 |  162.0 |
          Lair |  11210 |  10587 |    623 |   1205 |   7277 |   6 | 1868.3 |
     Snake Pit |     11 |     11 |      0 |      0 |      0 |   1 |   11.0 |
  Orcish Mines |   1909 |   1794 |    115 |     26 |   1028 |   2 |  954.5 |
      Ice Cave |    360 |    360 |      0 |      0 |    246 |   1 |  360.0 |
       Volcano |    326 |    326 |      0 |      0 |     15 |   1 |  326.0 |
               +--------+--------+--------+--------+--------+-----+--------+

Top non-repeatable levels by time:
  Lair:5: 2590 daAuts
  Lair:4: 2118 daAuts
  Lair:6: 2009 daAuts
  Lair:2: 1766 daAuts
     D:2: 1656 daAuts
     D:8: 1540 daAuts
     D:5: 1503 daAuts
  Lair:3: 1403 daAuts
     D:4: 1388 daAuts
     D:1: 1385 daAuts
  Lair:1: 1322 daAuts
   Orc:2: 1273 daAuts
     D:3: 1251 daAuts
    D:11: 1205 daAuts
     D:7: 1155 daAuts
